 Dungeon Sprint DCSS version 0.22-a0-252-gcace5d2 (webtiles) character file.

7725 Kidiri the Protected (level 11, 0/70 HPs)
             Began as a Gargoyle Fighter on Mar 1, 2018.
             Was a High Priest of Okawaru.
             Killed by divine providence
             ... invoked by an orc high priest
              (14 damage)
             ... in the Dungeon (Sprint IX: "|||||||||||||||||||||||||||||").
             The game lasted 00:10:24 (2176 turns).

Kidiri the Protected (Gargoyle Fighter)             Turns: 2176, Time: 00:10:24

Health: 0/70       AC: 32    Str: 21    XL:     11   Next: 19%
Magic:  3/11       EV: 16    Int: 10    God:    Okawaru [*****.]
Gold:   650        SH: 13    Dex: 13    Spells: 10/10 levels left

rFire    . . .     SeeInvis .   p - +2 morningstar (protect)
rCold    . . .     Gourm    .   c - +0 shield
rNeg     + . .     Faith    .   s - +2 ring mail
rPois    ∞         Spirit   .   (no helmet)
rElec    +         Reflect  .   x - +0 cloak
rCorr    .         Harm     .   r - +0 pair of gloves
MR       .....     NoTele   +   q - +0 pair of boots
Stlth    ++++......             (no amulet)
HPRegen  0.21/turn              t - +3 ring of dexterity
MPRegen  0.12/turn              u - +2 ring of protection

@: protection aura
A: rugged brown scales 1, frail 1, negative energy resistance 1, electricity
resistance, unbreathing, petrification resistance, rot immunity, AC +8
a: Heroism, Finesse, Renounce Religion


You were in the Dungeon.
You worshipped Okawaru.
Okawaru was extremely pleased with you.
You were not hungry.

You visited 1 branch You collected 650 gold pieces.

Inventory:

Hand Weapons
 p - a +2 morningstar of protection (weapon)
Armour
 c - a +0 shield (worn)
 q - a +0 pair of boots (worn)
 r - a +0 pair of gloves (worn)
 s - a +2 ring mail (worn)
 x - a +0 cloak (worn)
Jewellery
 t - a +3 ring of dexterity (left hand)
 u - a +2 ring of protection (right hand)
Wands
 o - a wand of acid (3)
 w - a wand of flame (33)
Scrolls
 j - a scroll of fog
 k - 3 scrolls of blinking
 l - a scroll of identify
 m - 4 scrolls of remove curse
 n - 2 scrolls of amnesia
 v - a scroll of fear
Potions
 a - a potion of mutation
 b - a potion of berserk rage
 d - a potion of might
 e - 3 potions of curing
 g - a potion of invisibility
 h - 2 potions of haste
 i - 4 potions of magic
 z - a potion of brilliance {unknown}
Comestibles
 f - 15 rations
 A - 18 chunks of flesh


   Skills:
 * Level 12.7 Fighting
 * Level 11.6 Maces & Flails
 * Level 12.8 Armour
 * Level 9.8 Dodging
 + Level 9.8 Stealth
 * Level 12.7 Shields
 + Level 1.1 Invocations
 + Level 0.9 Evocations


You had 10 spell levels left.
You didn't know any spells.

Dungeon Overview and Level Annotations

Branches:
Dungeon (1/1)

Altars:
Cheibriados
Dithmenos
Elyvilon
Fedhas
Gozag
Hepliaklqana
Kikubaaqudgha
Makhleb
Nemelex Xobeh
Okawaru
Qazlal
Ru
Sif Muna
Trog
Uskayaw
Vehumet
Wu Jian
Xom
Yredelemnul
Zin
The Shining One
Beogh
Jiyva
Lugonu


Innate Abilities, Weirdness & Mutations

You are resistant to torment.
Your stone body is resilient. (AC +8)
You are immune to poison.
You resist negative energy. (rN+)
You are resistant to electric shocks. (rElec)
You can survive without breathing.
You are immune to petrification.
You are immune to rotting.
You are partially covered in rugged brown scales. (AC +1, +3% HP)
You are frail. (-10% HP)


Message History

The smoke demon hits you but does no damage. x2
You block the smoke demon's attack.
An orc warrior comes into view. It is wielding a broad axe.
The orc warrior shouts!
You hit the smoke demon.
The smoke demon is lightly wounded.
You hear a shout!
You block the smoke demon's attack. x3
Some of the chunks of flesh in your inventory have rotted away.
You completely miss the smoke demon.
The smoke demon is lightly wounded.
The smoke demon closely misses you. x2; The smoke demon misses you.
You thump the smoke demon!
The smoke demon is moderately wounded.
The smoke demon gestures at you. Beogh smites you!
* * * LOW HITPOINT WARNING * * *
The orc high priest mumbles some strange prayers to Beogh against you.
Beogh smites you!
You die...

▓_▓.▓'▓.▓.▓
▓_▓.▓†▓.▓.▓
▓_▓.▓.▓.▓.▓
▓_▓.▓.▓.▓.▓
▓_▓.▓.▓.▓.▓
▓_▓.▓.▓.▓.▓
▓_▓.▓.▓.▓'▓
▓_▓.▓.▓.▓)▓
▓_▓.▓.▓.▓@▓
▓_▓.▓.▓.▓3▓
▓_▓.▓'▓.▓o▓
▓_▓.▓.▓.▓o▓
▓_▓.▓.▓.▓o▓
▓_▓.▓.▓.▓o▓
▓_▓.▓.▓.▓o▓
▓_▓.▓.▓.▓o▓
▓_▓.▓÷▓.▓


You could see an orc high priest, a smoke demon, 4 orc warriors and an orc
wizard.

Vanquished Creatures
  A hydra (D)
  A centaur warrior (D)
  An orc knight (D)
  2 lindwurms (D)
  A deep elf mage (D)
  An oklob plant (D)
  A torpor snail (D)
  A spiny frog (D)
  A komodo dragon (D)
  4 tyrant leeches (D)
  2 yaks (D)
  Grum (D)
  A basilisk (D)
  A water moccasin (D)
  3 porcupines (D)
  5 orc warriors (D)
  4 wolves (D)
  3 crocodiles (D)
  5 bullfrogs (D)
  A scorpion (D)
  A crimson imp (D)
  2 hounds (D)
  2 orc priests (D)
  3 orc wizards (D)
  A worker ant (D)
  An adder (D)
  An adder skeleton (D)
  2 worms (D)
  8 orcs (D)
  A bat skeleton (D)
  A bat zombie (D)
  2 hobgoblins (D)
  A ball python zombie (D)
  A bat (D)
  A frilled lizard (D)
  A rat (D)
69 creatures vanquished.

Vanquished Creatures (others)
  A sky beast (D)
1 creature vanquished.

Grand Total: 70 creatures vanquished

Notes
Turn   | Place    | Note
-------+----------+-------------------------------------------
     0 | D        | Kidiri the Gargoyle Fighter began the quest for the Orb.
     0 | D        | Reached XP level 1. HP: 14/14 MP: 1/1
   121 | D        | Noticed a scorpion
   121 | D        | Noticed a hound
   124 | D        | Reached skill level 1 in Stealth
   135 | D        | Killed a scorpion
   135 | D        | Reached XP level 2. HP: 20/20 MP: 2/2
   135 | D        | Reached XP level 3. HP: 24/24 MP: 3/3
   140 | D        | Reached skill level 5 in Fighting
   140 | D        | Reached skill level 5 in Armour
   140 | D        | Reached skill level 5 in Shields
   140 | D        | Reached XP level 4. HP: 31/31 MP: 4/4
   184 | D        | Found a roughly hewn altar of Beogh.
   184 | D        | Found a snail-covered altar of Cheibriados.
   184 | D        | Found a shadowy altar of Dithmenos.
   184 | D        | Found a white marble altar of Elyvilon.
   184 | D        | Found a blossoming altar of Fedhas.
   184 | D        | Found an opulent altar of Gozag.
   185 | D        | Found a hazy altar of Hepliaklqana.
   186 | D        | Found a viscous altar of Jiyva.
   187 | D        | Found an ancient bone altar of Kikubaaqudgha.
   188 | D        | Found a corrupted altar of Lugonu.
   189 | D        | Found a burning altar of Makhleb.
   190 | D        | Found a sparkling altar of Nemelex Xobeh.
   191 | D        | Found an iron altar of Okawaru.
   192 | D        | Found a stormy altar of Qazlal.
   193 | D        | Found a sacrificial altar of Ru.
   194 | D        | Found a deep blue altar of Sif Muna.
   195 | D        | Found a bloodstained altar of Trog.
   196 | D        | Found a hide-covered altar of Uskayaw.
   197 | D        | Found a radiant altar of Vehumet.
   198 | D        | Found an ornate altar of the Wu Jian Council.
   199 | D        | Became a worshipper of Warmaster Okawaru
   200 | D        | Found a shimmering altar of Xom.
   201 | D        | Found a basalt altar of Yredelemnul.
   202 | D        | Found a glowing silver altar of Zin.
   203 | D        | Found a glowing golden altar of the Shining One.
   347 | D        | Noticed a yak
   354 | D        | Reached XP level 5. HP: 36/36 MP: 5/5
   374 | D        | Killed a yak
   374 | D        | Reached skill level 5 in Maces & Flails
   374 | D        | Reached XP level 6. HP: 27/42 MP: 6/6
   475 | D        | Noticed a sky beast
   475 | D        | Noticed a centaur warrior
   475 | D        | Noticed a deep elf mage
   479 | D        | Reached * piety under Okawaru
   485 | D        | Killed a sky beast
   485 | D        | Reached skill level 5 in Dodging
   498 | D        | Noticed a fire elemental
   498 | D        | Noticed a fire elemental
   500 | D        | Killed a centaur warrior
   500 | D        | Reached ** piety under Okawaru
   500 | D        | Reached XP level 7. HP: 45/51 MP: 4/7
   500 | D        | Reached XP level 8. HP: 49/56 MP: 4/8
   536 | D        | Killed a deep elf mage
   536 | D        | Reached *** piety under Okawaru
   879 | D        | Gained mutation: You are frail. (-10% HP) [potion of mutation]
   879 | D        | Gained mutation: You are partially covered in rugged brown scales. (AC +1, +3% HP) [potion of mutation]
   890 | D        | Noticed a yak
   890 | D        | Noticed a spiny frog
   893 | D        | Noticed a torpor snail
   898 | D        | Killed a yak
   898 | D        | Reached XP level 9. HP: 52/57 MP: 7/9
   908 | D        | Killed a spiny frog
   908 | D        | Reached skill level 10 in Fighting
   908 | D        | Reached skill level 10 in Armour
   908 | D        | Reached skill level 10 in Shields
   925 | D        | Killed a torpor snail
   925 | D        | Reached **** piety under Okawaru
   949 | D        | Noticed an oklob plant
   950 | D        | Noticed a komodo dragon
  1244 | D        | Noticed a five-headed hydra
  1254 | D        | Killed an oklob plant
  1254 | D        | Reached ***** piety under Okawaru
  1254 | D        | Reached skill level 10 in Maces & Flails
  1254 | D        | Reached XP level 10. HP: 54/65 MP: 8/10
  1272 | D        | Killed a five-headed hydra
  1543 | D        | Noticed a lindwurm
  1543 | D        | Noticed a lindwurm
  1588 | D        | Killed a lindwurm
  1610 | D        | Killed a lindwurm
  1888 | D        | Noticed Grum
  1911 | D        | Killed Grum
  1914 | D        | Reached XP level 11. HP: 70/70 MP: 4/11
  2122 | D        | Noticed an orc knight
  2122 | D        | Noticed an orc high priest
  2137 | D        | Killed an orc knight
  2154 | D        | Reached skill level 1 in Invocations
  2176 | D        | Killed from afar by an orc high priest

Vault maps used:
D:        linesprint

Skill      XL: |  1  2  3  4  5  6  7  8  9 10 11 |
---------------+----------------------------------+-----
Stealth        | 2 3 4 6 7 8 9 |  9.8
Fighting       | 4 5 6 9 11 12 | 12.7
Maces & Flails | 3 4 5 7 8 10 11 | 11.6
Armour         | 4 5 7 9 11 12 | 12.8
Dodging        | 2 3 4 6 7 8 9 |  9.8
Shields        | 4 5 6 9 11 12 | 12.7
Invocations    | 1 |  1.1
Evocations     | |  0.9

Action                   |  1- 3 |  4- 6 |  7- 9 | 10-12 || total
-------------------------+-------+-------+-------+-------++-------
Melee: Flail             |    30 |    10 |       |       ||    40
       Morningstar       |       |    51 |    89 |   193 ||   333
Invok: Heroism           |       |     1 |     8 |     8 ||    17
       Finesse           |       |       |       |     6 ||     6
Evoke: Wand              |       |       |     3 |     4 ||     7
  Use: Potion            |     2 |       |     4 |     2 ||     8
 Stab: Sleeping          |       |     1 |     1 |       ||     2
  Eat: Chunk             |       |       |     1 |     2 ||     3
       Ration            |       |       |       |     1 ||     1
Armor: Scale mail        |    14 |     3 |       |       ||    17
       Ring mail         |       |    24 |    36 |    38 ||    98
Dodge: Dodged            |     8 |    14 |    39 |    69 ||   130
Block: Shield            |    15 |    38 |    40 |    67 ||   160

Table legend:
 A = Spawn XP
 B = Non-spawn XP
 C = Spawn XP percentage of total XP
 D = Spawn monster count
 E = Non-spawn monster count
 F = Spawn count percentage of total count
 G = Total turns spent on level
                    A         B        C        D         E        F      G
               +---------+---------+-------+---------+---------+-------+---------
         Total |       0 |   11036 |   0.0 |       0 |      70 |   0.0 |  2176
               +---------+---------+-------+---------+---------+-------+---------
             D |       0 |   11036 |   0.0 |       0 |      70 |   0.0 |  2176
               +---------+---------+-------+---------+---------+-------+---------
